 Dungeon Crawl Stone Soup version 0.28-a0-1638-g9123634e07 (webtiles) character file.

Game seed: 1855567097358073732

56 murtidash the Chopper (level 4, -2/35 HPs)
             Began as a Formicid Abyssal Knight on Jan 25, 2022.
             Was a Believer of Lugonu.
             Succumbed to an adder's poison
             ... on level 2 of the Dungeon.
             The game lasted 00:01:59 (1595 turns).

murtidash the Chopper (Formicid Abyssal Knight)     Turns: 1595, Time: 00:02:00

Health: -2/35      AC:  3    Str: 19    XL:     4   Next: 15%
Magic:  15/15      EV: 11    Int: 10    God:    Lugonu [**....]
Gold:   46         SH:  0    Dex: 11    Spells: 3/3 levels left

rFire   . . .      SeeInvis +   a - +1 hand axe
rCold   . . .      Faith    .   (no shield)
rNeg    . . .      Spirit   .   b - +0 leather armour
rPois   .          Reflect  .   (helmet unavailable)
rElec   .          Harm     .   (no cloak)
rCorr   .          Rampage  .   (no gloves)
Will    .....                   (no boots)
Stlth   +.........              (no amulet)
HPRegen 0.11/turn               d - ring of magical power {MP+9}
MPRegen 0.14/turn               (no ring)

@: mighty, lethally poisoned (-2 -> -11)
A: permanent stasis, dig shafts and tunnels, antennae 3, four strong arms
a: Dig, Shaft Self, Renounce Religion, Depart the Abyss, Bend Space


You were on level 2 of the Dungeon.
You worshipped Lugonu.
Lugonu was pleased with you.
You visited 1 branch of the dungeon, and saw 2 of its levels.
You visited the Abyss 1 time.

You collected 46 gold pieces.

Inventory:

Hand Weapons
 a - a +1 hand axe (weapon)
Armour
 b - a +0 leather armour (worn)
 c - a +0 ring mail
   (You found it on level 1 of the Dungeon)
Jewellery
 d - a ring of magical power (left hand) {MP+9}
   (You found it on level 1 of the Dungeon)


   Skills:
 - Level 3.2 Fighting
 * Level 3.5 Axes
 - Level 2.1 Armour
 - Level 0.8 Dodging
 + Level 3.2 Invocations


You had 3 spell levels left.
You didn't know any spells.
Your spell library contained the following spells:

 Spells                   Type           Power      Damage    Failure   Level
 Gell's Gravitas          Tloc           0%         N/A       80%         3
 Lesser Beckoning         Tloc           0%         N/A       80%         3
 Teleport Other           Tloc           0%         N/A       80%         3


Dungeon Overview and Level Annotations

Branches:
Dungeon (2/15)

Altars:


Innate Abilities, Weirdness & Mutations

You cannot be hasted, slowed, berserked, paralysed or teleported.
You can dig through walls and to a lower floor.
You have a pair of large antennae on your head. (SInv)
Your four strong arms can wield two-handed weapons with a shield.


Message History

You now have 46 gold pieces (gained 6).
A rat comes into view.
The rat closely misses you.
You barely miss the rat. The rat closely misses you.
You hit the rat. The rat bites you but does no damage.
You hit the rat.
You kill the rat!
Lugonu accepts your kill.
No target in view!
No target in view!
No target in view!
No target in view!
No target in view!
No target in view!
No target in view!
No target in view!
No target in view!
No target in view!
No target in view!
A goblin comes into view. It is wielding a +0 club.
The goblin shouts!
The goblin misses you.
You slash the goblin!
You kill the goblin!
Lugonu accepts your kill.
No target in view!
No target in view!
No target in view!
No target in view!
No target in view!
No target in view!
No target in view!
No target in view!
No target in view!
No target in view!
No target in view!
Things that are here:
a +0 club; a goblin corpse You sense a monster nearby.
An adder comes into view.
The adder hisses angrily.
The adder closely misses you.
You barely miss the adder. The adder bites you.
You are poisoned.
The adder poisons you!
You take 4 damage, and have 31/35 hp.
You slash the adder!
You feel sick. The adder bites you. The adder bites you but does no damage.
You take 4 damage, and have 27/35 hp.
You barely miss the adder.
You feel sick. The adder bites you.
You are more poisoned.
The adder poisons you!
You take 4 damage, and have 23/35 hp.
You are too injured to fight recklessly!
You are too injured to fight recklessly!
You are too injured to fight recklessly!
You are too injured to fight recklessly!
You are too injured to fight recklessly!
You are too injured to fight recklessly!
You are too injured to fight recklessly!
You are too injured to fight recklessly!
You are too injured to fight recklessly!
You are too injured to fight recklessly!
You are too injured to fight recklessly!
You are too injured to fight recklessly!
You are too injured to fight recklessly!
You are too injured to fight recklessly!
You are too injured to fight recklessly!
You are too injured to fight recklessly!
You are too injured to fight recklessly!
You barely miss the adder.
You feel very sick. The adder bites you but does no damage.
The adder bites you.
You are more poisoned.
The adder poisons you!
You take 4 damage, and have 19/35 hp.
You closely miss the adder.
You feel very sick. The adder barely misses you.
You take 3 damage, and have 16/35 hp.
You hit the adder.
You feel sick. The adder bites you. x2
* * * LOW HITPOINT WARNING * * *
You take 7 damage, and have 9/35 hp.
It was a potion of berserk rage.
Your stasis prevents you from going berserk.
* * * LOW HITPOINT WARNING * * *
You feel sick. The adder bites you.
* * * LOW HITPOINT WARNING * * *
You are more poisoned.
The adder poisons you!
You take 6 damage, and have 3/35 hp.
It was a potion of might.
You feel very mighty all of a sudden.
* * * LOW HITPOINT WARNING * * *
You feel sick. The adder closely misses you.
You take 2 damage, and have 1/35 hp.
You slash the adder!
You kill the adder!
Lugonu accepts your kill.
You die...

#.# ####.# ..#.#
#.#.# #.#.##
#####.^..
.......†#
.......@#
........# {#
........##.#######
...........#.....#
.....##.####.###.#
...............#.#
#######.####.#.#.#
#.# ##.#.#.# #.#
#....#.#


There were no monsters in sight!

Vanquished Creatures
  A gnoll (D:1)
  An adder (D:2)
  2 dart slugs (D:1)
  2 ball pythons
  A bat (D:1)
  6 endoplasms (D:1)
  2 giant cockroaches
  A goblin (D:2)
  5 hobgoblins (D:1)
  7 jackals (D:1)
  2 quokkas (D:1)
  A frilled lizard (D:1)
  3 kobolds (D:1)
  A rat (D:2)
35 creatures vanquished.

Vanquished Creatures (others)
  33 plants (D:1)
33 creatures vanquished.

Grand Total: 68 creatures vanquished

Notes
Turn   | Place    | Note
-------+----------+-------------------------------------------
     0 | Abyss:1  | murtidash the Formicid Abyssal Knight began the quest for
                  | the Orb.
     0 | Abyss:1  | Reached XP level 1. HP: 18/18 MP: 2/2
    11 | D:1      | Escaped the Abyss
    79 | D:1      | HP: 1/18 [gnoll (3)]
    82 | D:1      | Reached XP level 2. HP: 1/24 MP: 3/3
   551 | D:1      | Reached XP level 3. HP: 29/29 MP: 5/5
   570 | D:1      | Reached skill level 3 in Axes
   776 | D:1      | Reached skill level 3 in Invocations
   809 | D:1      | Reached ** piety under Lugonu
  1160 | D:1      | Reached XP level 4. HP: 35/35 MP: 6/6
  1496 | D:2      | Found a faded altar of an unknown god.
  1593 | D:2      | HP: 7/35 [poisoned by an adder]
  1593 | D:2      | HP: 3/35 [adder (4)]
  1594 | D:2      | HP: 1/35 [poisoned by an adder]
  1595 | D:2      | Succumbed to an adder's poison

Illustrated notes

Levels and vault maps discovered:
D:1:      dpeg_arrival_rhombi, layout_rooms, kennysheep_boxes
D:2:      minmay_general_purpose_star, layout_basic,
          hellmonk_ecumenical_altar_heavens_door, minmay_tromino_v4_c,
          uniq_robin, uniq_sigmund

Skill      XL: |  1  2  3 |
---------------+----------+-----
Axes           | 3 |  3.5
Invocations    | 3 |  3.2
Fighting       | |  3.2
Armour         | |  2.1
Dodging        | |  0.8

Action                   |  1- 3 |  4- 6 || total
-------------------------+-------+-------++-------
Melee: Hand axe          |    76 |    27 ||   103
       Punch             |     1 |       ||     1
  Use: Potion            |       |     2 ||     2
Armor: Leather armour    |    21 |     6 ||    27
Dodge: Dodged            |    72 |    15 ||    87

Table legend: (Time is in decaauts)
 A = Elapsed time spent in this place.
 B = Non-inter-level travel time spent in this place.
 C = Inter-level travel time spent in this place.
 D = Time resting spent in this place.
 E = Time spent auto-exploring this place.
 F = Levels seen in this place.
 G = Mean time per level.
                   A        B        C        D        E       F      G
               +--------+--------+--------+--------+--------+-----+--------+
         Total |   1609 |   1584 |     25 |    253 |   1089 |   3 |  536.3 |
       Dungeon |   1598 |   1573 |     25 |    253 |   1085 |   2 |  799.0 |
         Abyss |     11 |     11 |      0 |      0 |      4 |   1 |   11.0 |
               +--------+--------+--------+--------+--------+-----+--------+

Top non-repeatable levels by time:
     D:1: 1399 daAuts
     D:2: 199 daAuts
 Abyss:1: 11 daAuts

Table legend:
 A = Kills in this place as a percentage of kills in entire the game.
 B = Kills by you in this place as a percentage of kills by you in the entire game.
 C = Kills by friends in this place as a percentage of kills by friends in the entire game.
 D = Other kills in this place as a percentage of other kills in the entire game.
 E = Experience gained in this place as a percentage of experience gained in the entire game.
 F = Experience gained in this place divided by the number of levels of this place that you have seen.
                   A       B       C       D       E      F
               +-------+-------+-------+-------+-------+----------------------
         Total | 100.0 | 100.0 |   N/A |   N/A | 100.0 |  31.3
       Dungeon | 100.0 | 100.0 |   N/A |   N/A | 100.0 |  47.0
               +-------+-------+-------+-------+-------+----------------------
